TOP OF THE 1ST |
State College Spikes batting - Pitching for Athens Assassins : RHP Cisco López
|
Pitching: RHP Cisco López
|
|
Batting: RHB Rafael Ortíz
|
0-0: Fly out, F7 (Line Drive, 7M)
|
Batting: RHB Piotr Zahn
|
0-0: SINGLE (Line Drive, 6MD)
|
Batting: RHB Martín López
|
0-0: Ball 1-0: Called Strike 1-1: DOUBLE (Line Drive, 7LS) Piotr Zahn to third
|
Batting: SHB Clint Woods
|
0-0: Ball 1-0: Foul Ball, location: 2F 1-1: Called Strike 1-2: Ball 2-2: Ball 3-2: Fly out, F8 (Flyball, 8LD) Runner from 3rd tags up, SCORES, throw made
|
Batting: SHB Greg Butterfield
|
0-0: Called Strike 0-1: Ball 1-1: Ball 2-1: Foul Ball, location: 2F 2-2: Strikes out swinging
|
Top of the 1st over - 1 run(s), 2 hit(s), 0 error(s), 1 left on base; State College 1 - Athens 0 |
BOTTOM OF THE 1ST |
Athens Assassins batting - Pitching for State College Spikes : LHP Sean Perry
|
Pitching: LHP Sean Perry
|
|
Batting: SHB José Estreito
|
0-0: Called Strike 0-1: Ball 1-1: Swinging Strike 1-2: Ball 2-2: Ball 3-2: Base on Balls
|
Batting: RHB Juan Gonzáles
|
0-0: Ball 1-0: Ball José Estreito is caught stealing 2nd base 2-0: Ball 3-0: Called Strike 3-1: Foul Ball, location: 2F 3-2: Base on Balls
|
Batting: SHB Rick Turner
|
0-0: Ball 1-0: Ball 2-0: Ball Juan Gonzáles steals 2nd base 3-0: Base on Balls
|
Batting: LHB Terry Simpson
|
0-0: Fielders Choice at 2nd, 3-6 (Groundball, 3) Juan Gonzáles to third
|
Batting: LHB António Romo
|
0-0: Fly out, F4 (Popup, 3D)
|
Bottom of the 1st over - 0 run(s), 0 hit(s), 0 error(s), 2 left on base; State College 1 - Athens 0 |
TOP OF THE 2ND |
State College Spikes batting - Pitching for Athens Assassins : RHP Cisco López
|
Batting: LHB Burt Ward
|
0-0: Called Strike 0-1: Foul Ball, location: 2F 0-2: Ball 1-2: Foul Ball, location: 2F 1-2: Foul Ball, location: 2F 1-2: SINGLE (Groundball, 56D)
|
Batting: SHB Thomas Simmons
|
0-0: Swinging Strike 0-1: Foul Ball, location: 2F 0-2: Foul Ball, location: 2F 0-2: Ball 1-2: Ball 2-2: Fly out, F6 (Popup, 6M)
|
Batting: RHB Javier Peña
|
0-0: Called Strike 0-1: Called Strike 0-2: Ball 1-2: SINGLE (Groundball, 6M) Burt Ward to second Burt Ward to third
|
Batting: RHB Andrew Deal
|
0-0: Called Strike 0-1: Fly out, F9 (Flyball, 9S)
|
Batting: RHB Rafael Ortíz
|
0-0: Ball Wild Pitch! Burt Ward scores Javier Peña to second 1-0: SINGLE (Groundball, 56) Javier Peña to third Runner from 3rd tries for Home, SAFE, no throw or cutoff
|
Batting: RHB Piotr Zahn
|
0-0: Called Strike 0-1: Swinging Strike 0-2: Ball 1-2: Fly out, F6 (Popup, 8RS)
|
Top of the 2nd over - 2 run(s), 3 hit(s), 0 error(s), 1 left on base; State College 3 - Athens 0 |
BOTTOM OF THE 2ND |
Athens Assassins batting - Pitching for State College Spikes : LHP Sean Perry
|
Batting: LHB Tommy Payne
|
0-0: Ball 1-0: Called Strike 1-1: Fly out, F8 (Flyball, 8LXD)
|
Batting: LHB Al Bartlett
|
0-0: Ball 1-0: Foul Ball, location: 2F 1-1: Called Strike 1-2: Strikes out swinging
|
Batting: LHB Mike Davis
|
0-0: Called Strike 0-1: Foul Ball, location: 2F 0-2: Strikes out swinging
|
Bottom of the 2nd over - 0 run(s), 0 hit(s), 0 error(s), 0 left on base; State College 3 - Athens 0 |
TOP OF THE 3RD |
State College Spikes batting - Pitching for Athens Assassins : RHP Cisco López
|
Batting: RHB Martín López
|
0-0: Called Strike 0-1: Called Strike 0-2: Strikes out swinging
|
Batting: SHB Clint Woods
|
0-0: SINGLE (Groundball, 56D)
|
Batting: SHB Greg Butterfield
|
0-0: Called Strike 0-1: Foul Ball, location: 2F 0-2: Ball 1-2: Ball 2-2: Fly out, F6 (Popup, 56D)
|
Pitching: LHP Desi Wells
|
|
Batting: LHB Burt Ward
|
0-0: Ball 1-0: Foul Ball, location: 2F 1-1: Ball 2-1: Swinging Strike 2-2: Ball 3-2: Strikes out looking
|
Top of the 3rd over - 0 run(s), 1 hit(s), 0 error(s), 1 left on base; State College 3 - Athens 0 |
BOTTOM OF THE 3RD |
Athens Assassins batting - Pitching for State College Spikes : LHP Sean Perry
|
Batting: RHB Ryan Jackson
|
0-0: Ball 1-0: Foul Ball, location: 2F 1-1: Swinging Strike 1-2: Strikes out looking
|
Batting: SHB José Estreito
|
0-0: Called Strike 0-1: Ball 1-1: Foul Ball, location: 2F 1-2: Strikes out swinging
|
Batting: RHB Juan Gonzáles
|
0-0: Ball 1-0: Foul Ball, location: 2F 1-1: Foul Ball, location: 2F 1-2: Ball 2-2: Ball 3-2: Fly out, F8 (Flyball, 8LM)
|
Bottom of the 3rd over - 0 run(s), 0 hit(s), 0 error(s), 0 left on base; State College 3 - Athens 0 |
TOP OF THE 4TH |
State College Spikes batting - Pitching for Athens Assassins : LHP Desi Wells
|
Batting: SHB Thomas Simmons
|
0-0: Ball 1-0: Ball 2-0: Called Strike 2-1: Foul Ball, location: 2F 2-2: Ball 3-2: DOUBLE (Line Drive, 9LD)
|
Batting: RHB Javier Peña
|
0-0: Ball 1-0: Ball 2-0: Ball 3-0: Called Strike 3-1: Fly out, F9 (Line Drive, 9S)
|
Batting: RHB Andrew Deal
|
0-0: Fly out, F4 (Popup, 3DF)
|
Batting: RHB Rafael Ortíz
|
0-0: Called Strike 0-1: Swinging Strike 0-2: SINGLE (Line Drive, 6M) Thomas Simmons to third Runner from 3rd tries for Home, SAFE, no throw or cutoff
|
Batting: RHB Piotr Zahn
|
0-0: Ball 1-0: Fly out, F8 (Flyball, 8LD)
|
Top of the 4th over - 1 run(s), 2 hit(s), 0 error(s), 1 left on base; State College 4 - Athens 0 |
BOTTOM OF THE 4TH |
Athens Assassins batting - Pitching for State College Spikes : LHP Sean Perry
|
Batting: SHB Rick Turner
|
0-0: Called Strike 0-1: Ground out 6-3 (Groundball, 6)
|
Batting: LHB Terry Simpson
|
0-0: Foul Ball, location: 2F 0-1: Ball 1-1: Ball 2-1: Ball 3-1: Fly out, F3 (Line Drive, 3)
|
Batting: LHB António Romo
|
0-0: Ball 1-0: Foul Ball, location: 2F 1-1: Swinging Strike 1-2: Foul Ball, location: 2F 1-2: Strikes out swinging
|
Bottom of the 4th over - 0 run(s), 0 hit(s), 0 error(s), 0 left on base; State College 4 - Athens 0 |
TOP OF THE 5TH |
State College Spikes batting - Pitching for Athens Assassins : LHP Desi Wells
|
Batting: RHB Martín López
|
0-0: Foul Ball, location: 2F 0-1: Foul Ball, location: 2F 0-2: Ball 1-2: Ball 2-2: Ground out 6-3 (Groundball, 6)
|
Batting: SHB Clint Woods
|
0-0: Ball 1-0: Ball 2-0: Ball 3-0: Base on Balls
|
Batting: SHB Greg Butterfield
|
0-0: Foul Ball, location: 2F 0-1: Foul Ball, location: 2F 0-2: Strikes out looking
|
Batting: LHB Burt Ward
|
0-0: Foul Ball, location: 2F 0-1: Foul Ball, location: 2F 0-2: Foul Ball, location: 2F 0-2: Ball 1-2: Strikes out looking
|
Top of the 5th over - 0 run(s), 0 hit(s), 0 error(s), 1 left on base; State College 4 - Athens 0 |
BOTTOM OF THE 5TH |
Athens Assassins batting - Pitching for State College Spikes : LHP Sean Perry
|
Batting: LHB Tommy Payne
|
0-0: Called Strike 0-1: Ball 1-1: Ball 2-1: Swinging Strike 2-2: Strikes out swinging
|
Batting: LHB Al Bartlett
|
0-0: Foul Ball, location: 2F 0-1: Ball 1-1: Foul Ball, location: 2F 1-2: Ball 2-2: Foul Ball, location: 2F 2-2: Ball 3-2: Strikes out swinging
|
Batting: LHB Mike Davis
|
0-0: Ball 1-0: Ball 2-0: Fly out, F8 (Flyball, 8RD)
|
Bottom of the 5th over - 0 run(s), 0 hit(s), 0 error(s), 0 left on base; State College 4 - Athens 0 |
TOP OF THE 6TH |
State College Spikes batting - Pitching for Athens Assassins : LHP Desi Wells
|
Batting: SHB Thomas Simmons
|
0-0: Foul Ball, location: 2F 0-1: SOLO HOME RUN (Flyball, 7D), Distance : 354 ft
|
Batting: RHB Javier Peña
|
0-0: Ball 1-0: DOUBLE (Line Drive, 8LM)
|
Batting: RHB Andrew Deal
|
0-0: Ball 1-0: Called Strike 1-1: Ball 2-1: Ball 3-1: Called Strike 3-2: Base on Balls
|
Pitching: RHP Tony Murillo
|
|
Batting: RHB Rafael Ortíz
|
0-0: Foul Ball, location: 2F 0-1: Swinging Strike 0-2: SINGLE (Line Drive, 78S) Javier Peña to third Andrew Deal to second
|
Batting: RHB Piotr Zahn
|
0-0: Ball 1-0: SINGLE (Groundball, 25) (infield hit) Javier Peña scores Andrew Deal to third Rafael Ortíz to second
|
Batting: RHB Martín López
|
0-0: Foul Ball, location: 2F 0-1: Ball 1-1: Foul Ball, location: 2F 1-2: Ball 2-2: Fly out, F9 (Flyball, 89M) Runner from 3rd tags up, SCORES, no throw
|
Batting: SHB Clint Woods
|
0-0: Ball 1-0: Called Strike 1-1: Ball 2-1: Called Strike 2-2: Ball 3-2: Fielders Choice at 2nd, 6-4 (Groundball, 6M) Rafael Ortíz to third
|
Batting: SHB Greg Butterfield
|
0-0: Ball 1-0: Called Strike 1-1: Foul Ball, location: 2F 1-2: Ball 2-2: SINGLE (Groundball, 3D) Rafael Ortíz scores Clint Woods to second Runner from 2nd tries for 3rd, OUT!
|
Top of the 6th over - 4 run(s), 5 hit(s), 0 error(s), 1 left on base; State College 8 - Athens 0 |
BOTTOM OF THE 6TH |
Athens Assassins batting - Pitching for State College Spikes : LHP Sean Perry
|
Batting: RHB Ryan Jackson
|
0-0: Fly out, F8 (Flyball, 8RS)
|
Batting: SHB José Estreito
|
0-0: Ball 1-0: Ball 2-0: SINGLE (Line Drive, 56D)
|
Batting: RHB Juan Gonzáles
|
0-0: Ball 1-0: Called Strike José Estreito steals 2nd base 1-1: Ball 2-1: Foul Ball, location: 2F 2-2: Ball 3-2: Foul Ball, location: 2F 3-2: Strikes out swinging
|
Batting: SHB Rick Turner
|
0-0: Called Strike 0-1: Fly out, F4 (Popup, 4)
|
Bottom of the 6th over - 0 run(s), 1 hit(s), 0 error(s), 1 left on base; State College 8 - Athens 0 |
TOP OF THE 7TH |
State College Spikes batting - Pitching for Athens Assassins : RHP Tony Murillo
|
Batting: LHB Burt Ward
|
0-0: Called Strike 0-1: Foul Ball, location: 2F 0-2: Strikes out swinging
|
Batting: SHB Thomas Simmons
|
0-0: Ball 1-0: Ground out 1-3 (Groundball, 13)
|
Batting: RHB Javier Peña
|
0-0: Called Strike 0-1: Called Strike 0-2: Strikes out swinging
|
Top of the 7th over - 0 run(s), 0 hit(s), 0 error(s), 0 left on base; State College 8 - Athens 0 |
BOTTOM OF THE 7TH |
Athens Assassins batting - Pitching for State College Spikes : LHP Sean Perry
|
Batting: LHB Terry Simpson
|
0-0: Foul Ball, location: 2F 0-1: Called Strike 0-2: SINGLE (Groundball, 34D) (infield hit)
|
Pitching: RHP Javier Molina
|
|
Batting: LHB António Romo
|
0-0: Swinging Strike 0-1: Called Strike 0-2: Strikes out swinging
|
Batting: LHB Tommy Payne
|
0-0: Ball 1-0: Ball 2-0: Ball 3-0: Base on Balls Terry Simpson to second
|
Batting: LHB Al Bartlett
|
0-0: Ball 1-0: Called Strike 1-1: Grounds into double play, 4-6-3 (Groundball, 4)
|
Bottom of the 7th over - 0 run(s), 1 hit(s), 0 error(s), 1 left on base; State College 8 - Athens 0 |
TOP OF THE 8TH |
State College Spikes batting - Pitching for Athens Assassins : RHP Tony Murillo
|
Batting: RHB Andrew Deal
|
0-0: Called Strike 0-1: Called Strike 0-2: Ball 1-2: Strikes out looking
|
Batting: RHB Rafael Ortíz
|
0-0: Ball 1-0: Called Strike 1-1: Foul Ball, location: 2F 1-2: Ball 2-2: Strikes out swinging
|
Batting: RHB Piotr Zahn
|
0-0: Called Strike 0-1: Foul Ball, location: 2F 0-2: Ball 1-2: Ball 2-2: Strikes out swinging
|
Top of the 8th over - 0 run(s), 0 hit(s), 0 error(s), 0 left on base; State College 8 - Athens 0 |
BOTTOM OF THE 8TH |
Athens Assassins batting - Pitching for State College Spikes : RHP Javier Molina
|
Batting: LHB Mike Davis
|
0-0: Ball 1-0: Called Strike 1-1: Fly out, F6 (Popup, 5D)
|
Batting: RHB Ryan Jackson
|
0-0: Fly out, F9 (Flyball, 89M)
|
Batting: SHB José Estreito
|
0-0: Foul Ball, location: 2F 0-1: Ball 1-1: Ball 2-1: Ball 3-1: Called Strike 3-2: Base on Balls
|
Batting: RHB Juan Gonzáles
|
0-0: Foul Ball, location: 2F 0-1: Ball 1-1: Fly out, F8 (Flyball, 8LD)
|
Bottom of the 8th over - 0 run(s), 0 hit(s), 0 error(s), 1 left on base; State College 8 - Athens 0 |
TOP OF THE 9TH |
State College Spikes batting - Pitching for Athens Assassins : RHP Tony Murillo
|
Pitching: RHP Ramiro Sierra
|
|
Batting: RHB Martín López
|
0-0: Fly out, F8 (Flyball, 8LD)
|
Batting: SHB Clint Woods
|
0-0: Ball 1-0: Foul Ball, location: 2F 1-1: Foul Ball, location: 2F 1-2: Foul Ball, location: 2F 1-2: SINGLE (Line Drive, 8LS)
|
Batting: SHB Greg Butterfield
|
0-0: Called Strike 0-1: Swinging Strike 0-2: Ball 1-2: Foul Ball, location: 2F 1-2: Ball 2-2: Strikes out swinging
|
Batting: LHB Burt Ward
|
0-0: Ball 1-0: Ball Clint Woods is caught stealing 2nd base
|
Top of the 9th over - 0 run(s), 1 hit(s), 0 error(s), 0 left on base; State College 8 - Athens 0 |
BOTTOM OF THE 9TH |
Athens Assassins batting - Pitching for State College Spikes : RHP Javier Molina
|
Batting: SHB Rick Turner
|
0-0: Ball 1-0: Ball 2-0: Ball 3-0: Base on Balls
|
Batting: LHB Terry Simpson
|
0-0: Ball 1-0: Ball 2-0: Ball 3-0: Base on Balls Rick Turner to second
|
Batting: LHB António Romo
|
0-0: Grounds into double play, 6-4-3 (Groundball, 6M) Rick Turner to third
|
Batting: LHB Tommy Payne
|
0-0: Ball 1-0: Called Strike 1-1: Ball 2-1: SINGLE (Groundball, 3D) Rick Turner scores
|
Batting: LHB Al Bartlett
|
0-0: Swinging Strike 0-1: Fielders Choice at 2nd, U4 (Groundball, 4M)
|
Bottom of the 9th over - 1 run(s), 1 hit(s), 0 error(s), 1 left on base; State College 8 - Athens 1 |
|